 Dungeon Crawl Stone Soup version 0.28-a0-674-gdaf460b524 (webtiles) character file.

Game seed: 16241081247583486118

25291 jasper the Grappler (level 12, -10/101 HPs)
             Began as a Demonspawn Cinder Acolyte on Oct 17, 2021.
             Was a Follower of Ignis.
             Shot with an arrow by Nessos (12 damage)
             ... on level 14 of the Dungeon.
             The game lasted 00:27:43 (16384 turns).

jasper the Grappler (Demonspawn Cinder Acolyte)    Turns: 16384, Time: 00:27:44

Health: -10/101    AC: 12    Str: 14    XL:     12   Next: 88%
Magic:  13/13      EV: 12    Int: 21    God:    Ignis [*.....]
Gold:   656        SH:  7    Dex:  9    Spells: 8/13 levels left

rFire   + . .      SeeInvis .     - Unarmed
rCold   . . .      Faith    .   L - +2 buckler
rNeg    . . .      Spirit   .   u - +0 ring mail
rPois   +          Reflect  .   O - +0 helmet
rElec   .          Harm     .   x - +2 cloak {Will+}
rCorr   .          Rampage  .   (gloves unavailable)
Will    ++...                   (no boots)
Stlth   ..........              (no amulet)
HPRegen 0.26/turn               n - ring of willpower
MPRegen 0.13/turn               q - ring of poison resistance

@: lethally poisoned (-10 -> -31)
A: claws 3, rugged brown scales 3, powered by pain 1, spiny 1
a: Renounce Religion, Sea of Fire, Foxfire Swarm


You were on level 14 of the Dungeon.
You worshipped Ignis.
Ignis was aware of your devotion.
You visited 2 branches of the dungeon, and saw 15 of its levels.
You also visited: Bailey.

You collected 831 gold pieces.
You spent 175 gold pieces at shops.

Inventory:

Hand Weapons
 a - a +0 falchion of flaming
 j - a +0 long sword
 k - a +0 vorpal hunting sling
Missiles
 h - 532 stones
 i - 4 javelins (quivered)
 y - 20 boomerangs
 K - 70 poisoned darts
 M - a throwing net
Armour
 b - a +0 robe
 c - a +1 pair of gloves
 f - a +0 tower shield
 o - a +0 leather armour
 p - a +0 chain mail
 u - a +0 ring mail (worn)
 v - a +2 robe of positive energy
 x - a +2 cloak of willpower (worn)
 L - a +2 buckler (worn)
 O - a +0 helmet (worn)
Jewellery
 e - a +6 ring of intelligence
 n - a ring of willpower (left claw)
 q - a ring of poison resistance (right claw)
 r - a ring of see invisible
 t - a ring of resist corrosion
 w - a ring of fire
 B - a ring of fire
 J - a ring of protection from fire
 P - an amulet of regeneration
 Q - an amulet of reflection
Wands
 C - a wand of digging (6)
Scrolls
 d - 2 scrolls of enchant armour
 F - 9 scrolls of teleportation
 H - a scroll of fear
 I - 2 scrolls of enchant weapon
 S - a scroll of magic mapping
 U - a scroll of blinking
Potions
 g - 6 potions of heal wounds
 l - a potion of mutation
 s - 2 potions of attraction
 z - 2 potions of magic
 A - 6 potions of curing
 D - a potion of resistance
 G - a potion of ambrosia
 N - 2 potions of might
 R - 2 potions of degeneration
 V - a potion of lignification
Miscellaneous
 m - a phial of floods (inert)
 E - a tin of tremorstones (inert)
 T - a box of beasts (inert)


   Skills:
 - Level 9.0 Fighting
 - Level 3.2 Long Blades
 - Level 3.0 Armour
 - Level 7.6 Dodging
 + Level 7.8 Shields
 - Level 13.0 Unarmed Combat
 - Level 1.0 Spellcasting
 - Level 4.7 Transmutations
 - Level 2.6 Fire Magic
 - Level 5.0 Evocations


You had 8 spell levels left.
You knew the following spells:

 Your Spells              Type           Power      Damage    Failure   Level
a - Wereblood             Tmut           20%        N/A       7%          2
b - Tukima's Dance        Hex            1%         N/A       67%         3

Your spell library contained the following spells:

 Spells                   Type           Power      Damage    Failure   Level
 Beastly Appendage        Tmut           40%        N/A       4%          1
 Scorch                   Fire           24%        2d6       16%         2
 Spider Form              Tmut/Pois      5%         N/A       36%         3
 Ensorcelled Hibernation  Hex/Ice        2%         N/A       43%         2
 Call Canine Familiar     Summ           1%         N/A       67%         3
 Dazzling Flash           Conj/Hex       2%         N/A       67%         3
 Frozen Ramparts          Ice            2%         1d2       67%         3
 Portal Projectile        Hex/Tloc       2%         N/A       67%         3
 Ice Form                 Ice/Tmut       11%        N/A       77%         4
 Flame Wave               Conj/Fire      6%         3d4       88%         4
 Cause Fear               Hex            0%         N/A       97%         4
 Iskenderun's Mystic Bla  Conj/Tloc      1%         2d3       97%         4
 Leda's Liquefaction      Hex/Erth       0%         N/A       97%         4
 Passage of Golubria      Tloc           1%         N/A       97%         4
 Summon Ice Beast         Ice/Summ       1%         N/A       97%         4
 Silence                  Hex/Air        0%         N/A       100%        5
 Starburst                Conj/Fire      3%         6d3       100%        6
 Summon Cactus Giant      Summ           0%         N/A       100%        6
 Dragon Form              Tmut           10%        N/A       100%        7
 Lehudib's Crystal Spear  Conj/Erth      0%         10d2      100%        8
 Dragon's Call            Summ           0%         N/A       100%        9


Dungeon Overview and Level Annotations

Branches:
Dungeon (14/15)            Temple (0/1) D:4            Lair (1/6) D:9
    Orc (0/2) D:11         Vaults (0/5) D:14         Bailey (visited)

Altars:
Yredelemnul

Shops:
D:5 !=?

Portals:
Trove: D:13 (give 5 scrolls of fog)

Annotations:
D:11 Erolcha
D:14 Nessos


Innate Abilities, Weirdness & Mutations

You have claws for hands.
You are completely covered in rugged brown scales. (AC +3, +7% HP)
You sometimes gain a little power by taking damage.
You are partially covered in sharp spines.


Message History

Nessos mumbles some strange words.
Nessos blinks!
Nessos casts a spell.
Nessos blinks!
You continue taking off your amulet of regeneration.
You feel sick.
You continue taking off your amulet of regeneration.
You feel sick.
Nessos stands on their hind legs for a moment.
Nessos wields a +2 longbow of flaming.
It bursts into flame!
Nessos shoots an arrow.
The arrow hits you! The arrow burns you.
Nessos shoots an arrow.
You block the arrow.
You continue taking off your amulet of regeneration.
You feel sick.
Nessos shoots an arrow.
You block the arrow.
Nessos gestures wildly while chanting.
Nessos blinks!
You finish taking off your amulet of regeneration.
You take 18 damage, and have 61/101 hp.
You start putting on your amulet.
You continue putting on your amulet of reflection.
You feel sick.
You are no longer poisoned.
Nessos shoots an arrow.
Keep equipping yourself?
The arrow hits you! The arrow burns you.
Nessos shoots an arrow.
The arrow hits you! The arrow burns you.
You are poisoned.
You continue putting on your amulet of reflection.
You feel very sick.
Nessos zaps a wand.
You resist with almost no effort.
Nessos shoots an arrow.
The arrow hits you!!
* * * LOW HITPOINT WARNING * * *
The arrow burns you.
You are lethally poisoned!
* * * LOW HITPOINT WARNING * * *
You continue putting on your amulet of reflection.
* * * LOW HITPOINT WARNING * * *
You feel very sick.
Nessos shoots an arrow.
The arrow hits you!
You die...

.#######.# ***** .# #># *,,,* .#
#####.######*,#,* (#
#......<...#*,#.#### .#
#.###.####...,#..?.#### .# #.#
#.# #.#######.c..# .###.###.#
#....#.c..##.# .........#
#.#.^#.####*,* #.##.###.#
#...@#.# *,* #.#.^# #.# ####...#
*,* #....###.# #.###****,****
#.....##.# ##'##*,,,,,,,,*
#....###.# ##...##,#**,**,*
#.#.####.# ##..c..#.# *,**,****
#.#.##.#.# ##........# *,*,,**,**
#........###...[.....#**,,,,,,,,*
....<......'...........,,,,,,*,**


You could see Nessos (fast).

Vanquished Creatures
  Fannar (D:11)
  3 hydras
  8 two-headed ogres
  3 centaur warriors
  Pikel (D:4)
  A deep elf pyromancer (D:12)
  A manticore (D:14)
  2 cyclopes
  4 ugly things (D:14)
  A black mamba (Lair:1)
  2 gargoyles
  2 cane toads (Lair:1)
  3 komodo dragons
  2 kobold demonologists
  A yaktaur (shapeshifter) (D:14)
  A tengu conjurer (D:14)
  7 trolls
  A redback (shapeshifter) (D:13)
  A shadow (D:13)
  A wyvern (D:8)
  A vampire (D:11)
  7 yaks
  2 wraiths
  A basilisk (D:12)
  A steam dragon (D:8)
  5 water moccasins
  2 orc warriors (D:11)
  A sky beast (D:3)
  2 black bears
  8 centaurs
  A lemure (D:4)
  A phantom (D:5)
  5 kobold brigands
  2 gnoll sergeants
  3 bullfrogs
  2 scorpions
  A water moccasin zombie (D:6)
  A water moccasin skeleton (D:6)
  11 killer bees
  2 howler monkeys
  3 wights (D:6)
  2 bullfrog zombies (D:6)
  A bullfrog skeleton (D:6)
  7 centaur zombies
  6 orc priests
  2 hounds
  2 jellies
  A centaur skeleton (D:7)
  4 orc wizards
  A hound skeleton (D:5)
  2 howler monkey zombies (D:6)
  6 adders
  14 gnolls
  2 shadow imps
  2 white imps (D:6)
  2 worms (D:2)
  4 dart slugs
  29 orcs
  3 bats
  8 endoplasms
  3 giant cockroaches
  12 goblins
  10 hobgoblins
  3 quokkas
  3 ball pythons
  2 frilled lizards (D:2)
  32 kobolds
  5 rats
276 creatures vanquished.

Vanquished Creatures (collateral kills)
  A troll (D:12)
  5 kobold brigands (D:12)
  A dart slug (D:2)
7 creatures vanquished.

Vanquished Creatures (others)
  A wizard (D:14)
  A deep elf pyromancer (D:13)
  139 foxfires
  8 fungi (D:8)
149 creatures vanquished.

Grand Total: 432 creatures vanquished

Notes
Turn   | Place    | Note
-------+----------+-------------------------------------------
     0 | D:1      | jasper the Demonspawn Cinder Acolyte began the quest for
                  | the Orb.
     0 | D:1      | Reached XP level 1. HP: 18/18 MP: 2/2
    60 | D:1      | Found a faded altar of an unknown god.
   672 | D:1      | Gained mutation: You have sharp fingernails. [demonic
                  | ancestry]
   672 | D:1      | Reached XP level 2. HP: 19/24 MP: 3/3
   948 | D:2      | Reached skill level 1 in Unarmed Combat
  1253 | D:2      | Gained mutation: You are partially covered in rugged brown
                  | scales. (AC +1, +3% HP) [demonic ancestry]
  1253 | D:2      | Reached XP level 3. HP: 16/29 MP: 4/4
  1458 | D:2      | Reached skill level 2 in Unarmed Combat
  2135 | D:2      | Reached XP level 4. HP: 36/36 MP: 5/5
  2215 | D:2      | Reached skill level 3 in Unarmed Combat
  2546 | D:3      | Gained mutation: You have very sharp fingernails. [demonic
                  | ancestry]
  2546 | D:3      | Reached XP level 5. HP: 41/42 MP: 6/6
  2612 | D:3      | Noticed a sky beast
  2616 | D:3      | Killed a sky beast
  2617 | D:3      | Reached skill level 4 in Unarmed Combat
  3266 | D:4      | Reached skill level 5 in Unarmed Combat
  3283 | D:4      | Gained mutation: You have claws for hands. [demonic
                  | ancestry]
  3283 | D:4      | Reached XP level 6. HP: 30/48 MP: 7/7
  3484 | D:4      | Noticed Pikel
  3497 | D:4      | Killed Pikel
  3498 | D:4      | Reached skill level 7 in Unarmed Combat
  3498 | D:4      | Gained mutation: You are mostly covered in rugged brown
                  | scales. (AC +2, +5% HP) [demonic ancestry]
  3498 | D:4      | Reached XP level 7. HP: 48/54 MP: 8/8
  3682 | D:4      | Found a staircase to the Ecumenical Temple.
  4122 | D:5      | Entered Level 5 of the Dungeon
  4391 | D:5      | Found Jorphu Urer's Distillery.
  4499 | D:5      | Found Ohiodaum's Magic Scroll Shoppe.
  4512 | D:5      | Reached skill level 8 in Unarmed Combat
  4654 | D:5      | Bought a scroll of fear for 45 gold pieces
  4654 | D:5      | Bought 2 scrolls of teleportation for 78 gold pieces
  4654 | D:5      | Bought a scroll of identify for 26 gold pieces
  4654 | D:5      | Bought a scroll of identify for 26 gold pieces
  4676 | D:5      | Gained mutation: You are completely covered in rugged brown
                  | scales. (AC +3, +7% HP) [demonic ancestry]
  4676 | D:5      | Reached XP level 8. HP: 53/62 MP: 9/9
  4738 | D:5      | Found Rosat's Jewellery Shoppe.
  5088 | D:6      | Noticed a boulder beetle
  5391 | D:7      | Reached skill level 9 in Unarmed Combat
  6055 | D:7      | Reached skill level 10 in Unarmed Combat
  7216 | D:8      | Reached skill level 1 in Dodging
  7216 | D:8      | Reached skill level 1 in Evocations
  7386 | D:8      | Reached skill level 1 in Armour
  7567 | D:8      | Gained mutation: You are partially covered in sharp spines.
                  | [demonic ancestry]
  7567 | D:8      | Reached XP level 9. HP: 59/68 MP: 10/10
  8850 | D:9      | Noticed a two-headed ogre
  8855 | D:9      | Killed a two-headed ogre
  8856 | D:9      | Reached skill level 5 in Fighting
  9018 | D:9      | Reached XP level 10. HP: 79/79 MP: 11/11
  9183 | D:9      | Noticed a seven-headed hydra
  9220 | D:9      | Killed a ten-headed hydra
  9248 | D:9      | Found a staircase to the Lair.
  9645 | Lair:1   | Entered Level 1 of the Lair of Beasts
  9729 | D:10     | Entered Level 10 of the Dungeon
  9738 | D:10     | Reached skill level 5 in Evocations
  9833 | D:10     | Learned a level 2 spell: Wereblood
  9833 | D:10     | Noticed a gargoyle
  9844 | D:10     | Killed a gargoyle
 10008 | D:10     | Reached skill level 5 in Dodging
 10008 | D:10     | Reached skill level 1 in Transmutations
 10053 | D:10     | Noticed a two-headed ogre
 10059 | D:10     | Killed a two-headed ogre
 10380 | D:10     | Noticed a centaur warrior
 10404 | D:10     | Killed a centaur warrior
 10976 | D:11     | Reached XP level 11. HP: 88/88 MP: 12/12
 11544 | D:11     | Found a staircase to the Orcish Mines.
 11631 | D:11     | Noticed Fannar
 11656 | D:11     | Killed Fannar
 11657 | D:11     | Reached skill level 11 in Unarmed Combat
 11733 | D:11     | Noticed a two-headed ogre
 11739 | D:11     | Killed a two-headed ogre
 11774 | D:11     | Noticed a two-headed ogre
 11784 | D:11     | Killed a two-headed ogre
 11842 | D:11     | You fall into a shaft and drop 3 floors!
 12287 | D:13     | Noticed a centaur warrior
 12299 | D:13     | Killed a centaur warrior
 12408 | D:13     | Noticed a two-headed ogre
 12415 | D:13     | Killed a two-headed ogre
 12429 | D:13     | Noticed a deep elf pyromancer
 12436 | D:13     | Killed a deep elf pyromancer
 12537 | D:12     | Found a flagged portal.
 12553 | Bailey   | Entered a bailey
 12555 | Bailey   | Noticed an orc knight
 12776 | D:13     | Reached skill level 12 in Unarmed Combat
 12780 | D:12     | Noticed a two-headed ogre
 12806 | D:12     | Killed a two-headed ogre
 12892 | D:12     | Gained mutation: You sometimes gain a little power by
                  | taking damage. [demonic ancestry]
 12892 | D:12     | Reached XP level 12. HP: 81/99 MP: 13/13
 13387 | D:11     | Noticed Erolcha
 13533 | D:6      | Found a basalt altar of Yredelemnul.
 14133 | Lair:1   | Noticed a four-headed hydra
 14208 | D:9      | Killed a four-headed hydra
 14334 | Lair:1   | Noticed a five-headed hydra
 14345 | Lair:1   | Killed a five-headed hydra
 14396 | Lair:1   | Reached skill level 13 in Unarmed Combat
 14396 | Lair:1   | Noticed an eight-headed hydra
 14682 | D:13     | Found a portal to a secret trove of treasure.
 15654 | D:14     | Noticed a two-headed ogre
 15671 | D:14     | Killed a two-headed ogre
 15672 | D:14     | Reached skill level 5 in Shields
 15782 | D:14     | Found a gate to the Vaults.
 15782 | D:14     | Noticed a two-headed ogre
 15789 | D:14     | Killed a two-headed ogre
 15840 | D:14     | Noticed a centaur warrior
 15856 | D:14     | Killed a centaur warrior
 16282 | D:14     | Learned a level 3 spell: Tukima's Dance
 16370 | D:14     | Noticed Nessos
 16384 | D:14     | HP: 2/101 [poisoned by Nessos]
 16384 | D:14     | Shot with an arrow by Nessos

Illustrated notes

Levels and vault maps discovered:
D:1:      roderic_dead_forest, layout_basic,
          shapermc_ecumenical_altar_totnotflames, serial_forest,
          infiniplex_forest_lined_corner, infiniplex_forest_clump_medium,
          infiniplex_forest_straight_5, infiniplex_forest_corner_2,
          infiniplex_forest_straight_1, infiniplex_forest_straight_4,
          infiniplex_forest_straight_2, infiniplex_forest_lined_corner,
          chequers_serial_rivers_micro_c, minmay_indecisive_spiral
D:2:      minmay_inner_zag, layout_rooms, minmay_fractal_squares_gapless_5
D:3:      layout_basic
D:4:      layout_loops_ring, minmay_temple_entry_hall, uniq_pikel
D:5:      layout_rooms, serial_shops, nicolae_shop_behind_doors,
          nicolae_shop_statue_plus, nicolae_take_the_stairs
D:6:      layout_basic, nicolae_yredelemnul_corpse_copse, dk_noncrumbling_4
D:7:      layout_layer_cave, st_stairs_1
D:8:      layout_rooms, fungi_pond_lemuel, nicolae_sextant
D:9:      layout_long_grid, lair_entry_dummy
D:10:     layout_cross, minmay_misc_feat_enclosed
D:11:     layout_roguey, erik_orc_3, uniq_erolcha, uniq_fannar
D:12:     layout_rooms, enter_bailey_5, corexii_checkpoint_a
D:13:     layout_layer_cave, nicolae_trove_entry_diagonal
D:14:     layout_loops_corners, david_vaults_1, bloody_trog, uniq_nessos
Lair:1:   layout_misc_corridors

Skill      XL: |  1  2  3  4  5  6  7  8  9 10 11 12 |
---------------+-------------------------------------+-----
Long Blades    | 3 |  3.2
Unarmed Combat | 1 2 3 5 7 8 10 12 13 | 13.0
Dodging        | 1 3 5 6 7 |  7.6
Evocations     | 1 4 5 |  5.0
Armour         | 1 3 |  3.0
Fighting       | 5 6 8 9 |  9.0
Shields        | 2 4 7 |  7.8
Transmutations | 2 4 |  4.7
Spellcasting   | |  1.0
Fire Magic     | |  2.6

Action                   |  1- 3 |  4- 6 |  7- 9 | 10-12 || total
-------------------------+-------+-------+-------+-------++-------
Melee: Falchion          |   103 |     5 |       |       ||   108
       Punch             |     1 |     1 |     4 |       ||     6
       Unarmed           |       |    91 |   253 |   462 ||   806
 Fire: Hunting sling     |       |       |     5 |       ||     5
Throw: Stone             |    31 |    25 |    38 |     5 ||    99
       Dart              |       |       |       |    15 ||    15
       Throwing net      |       |       |       |     3 ||     3
       Javelin           |       |       |       |     3 ||     3
Invok: Foxfire Swarm     |     2 |     3 |       |     4 ||     9
Evoke: Wand              |       |     5 |    15 |    35 ||    55
       Tin of tremorston |       |       |       |     2 ||     2
       Box of beasts     |       |       |       |     1 ||     1
       Phial of floods   |       |       |       |     1 ||     1
  Use: Scroll            |     5 |     2 |     5 |    12 ||    24
       Potion            |       |       |       |     7 ||     7
 Stab: Held in net/web   |       |       |       |     3 ||     3
Armor: Robe              |    29 |     3 |       |       ||    32
       Leather armour    |       |    37 |       |       ||    37
       Ring mail         |       |    12 |   124 |   168 ||   304
       Skin              |       |       |       |    31 ||    31
Dodge: Dodged            |    47 |    51 |   110 |   213 ||   421
Block: Buckler           |       |       |     6 |   138 ||   144
       Reflection        |       |       |       |     1 ||     1

Table legend: (Time is in decaauts)
 A = Elapsed time spent in this place.
 B = Non-inter-level travel time spent in this place.
 C = Inter-level travel time spent in this place.
 D = Time resting spent in this place.
 E = Time spent auto-exploring this place.
 F = Levels seen in this place.
 G = Mean time per level.
                   A        B        C        D        E       F      G
               +--------+--------+--------+--------+--------+-----+--------+
         Total |  16293 |  15455 |    838 |   4217 |   8360 |  16 | 1018.3 |
       Dungeon |  15944 |  15107 |    837 |   4174 |   8237 |  14 | 1138.9 |
          Lair |    336 |    335 |      1 |     43 |    123 |   1 |  336.0 |
        Bailey |     12 |     12 |      0 |      0 |      0 |   1 |   12.0 |
               +--------+--------+--------+--------+--------+-----+--------+

Top non-repeatable levels by time:
     D:7: 1686 daAuts
     D:2: 1593 daAuts
     D:8: 1494 daAuts
     D:9: 1359 daAuts
    D:11: 1323 daAuts
    D:14: 1270 daAuts
    D:13: 1206 daAuts
    D:10: 1155 daAuts
     D:5: 984 daAuts
     D:4: 951 daAuts
     D:1: 850 daAuts
     D:3: 743 daAuts
     D:6: 732 daAuts
    D:12: 593 daAuts
  Lair:1: 336 daAuts
